[Event "Titled Tuesday Blitz August 22 Early 2023"]
[White "Simonovic, Miroslav"]
[Black "Berezin, Viktor"]
[WhiteFideId "919152"]
[BlackFideId "14107872"]
[WhiteElo "2264"]
[BlackElo "2464"]
[Result "0-1"]
[Round "9"]
[TimeControl "180+1"]
[Date "2023.08.22"]
[WhiteClock "0:00:05"]
[BlackClock "0:00:12"]
[Board "154"]

1. d4 Nf6 2. Bg5 Ne4 3. Bf4 d6 4. f3 Nf6 5. e4 Nbd7 6. c4 e5 7. dxe5 dxe5 8. Bg3 Bc5 9. Nc3 c6 10. Nh3 Qe7 11. Bf2 O-O 12. Qc2 Bxf2+ 13. Nxf2 Nc5 14. Nd3 Ne6 15. O-O-O Nd4 16. Qf2 c5 17. Nd5 Nxd5 18. exd5 Bf5 19. g4 Bg6 20. f4 exf4 21. Qxf4 b5 22. Nxc5 Rac8 23. Rxd4 Rxc5 24. Bg2 bxc4 25. Be4 c3 26. Bxg6 cxb2+ 27. Kxb2 fxg6 28. Qd2 Rb5+ 29. Ka1 Qa3 30. Rd3 Qd6 31. Rb1 Qe5+ 32. Qc3 Rxb1+ 33. Kxb1 Rf1+ 34. Kc2 Qe2+ 35. Rd2 Qe4+ 36. Qd3 Qa4+ 37. Qb3 Qe4+ 38. Kb2 Rb1+ 39. Ka3 Rxb3+ 40. axb3 Qe3 41. Rd1 Qc5+ 42. Kb2 Qd6 43. Rd2 Kf7 44. h3 Ke7 45. Rd3 Qe5+ 46. Kc2 Kd6 47. Kd2 a5 48. Kc2 Qa1 49. Kd2 a4 50. bxa4 Qxa4 51. Ke3 Qb4 52. Ke2 g5 53. Ke3 g6 54. Kf3 h5 55. gxh5 gxh5 56. Ke2 g4 57. hxg4 Qxg4+ 58. Kd2 h4 59. Kc3 h3 60. Rd4 Qg3+ 61. Kc4 Qg2 62. Re4 Qxe4+ 63. Kc3 Qxd5 64. Kc2 h2 65. Kb2 h1=Q 66. Kc3 Qhe4 67. Kb2 Qdd3 68. Kc1 Qc2# 0-1


[Site "https://www.chess.com"]

[Event "Titled Tuesday Blitz August 22 Early 2023"]
[White "Tsyhanchuk, Stanislav"]
[Black "Zaichenko, Daria"]
[WhiteFideId "13505130"]
[BlackFideId "4197453"]
[WhiteElo "2455"]
[BlackElo "2262"]
[Result "0-1"]
[Round "9"]
[TimeControl "180+1"]
[Date "2023.08.22"]
[WhiteClock "0:01:55"]
[BlackClock "0:01:46"]
[Board "155"]

1. c4 e6 2. Nc3 d5 3. cxd5 exd5 4. d4 Be7 5. Nf3 c6 6. Bf4 Bf5 7. e3 Nf6 8. Nh4 Be6 9. Bd3 Ne4 10. Nf3 f5 11. O-O Nd7 12. Ne5 Nxe5 13. Bxe5 O-O 14. f3 Nf6 15. Qc2 Qd7 16. e4 fxe4 17. fxe4 dxe4 18. Nxe4 Nxe4 19. Bxe4 h6 20. Qd3 Bf6 21. Qg3 Bxe5 22. dxe5 Qd4+ 0-1


[Site "https://www.chess.com"]

[Event "Titled Tuesday Blitz August 22 Early 2023"]
[White "Derichs, Roger"]
[Black "ZeGood_ZeBad_ZeUgly"]
[WhiteFideId "4630076"]
[WhiteElo "2428"]
[BlackElo "2247"]
[Result "1-0"]
[Round "9"]
[TimeControl "180+1"]
[Date "2023.08.22"]
[WhiteClock "0:00:06"]
[BlackClock "0:00:00"]
[Board "156"]

1. Nf3 Nf6 2. c4 c5 3. b3 Nc6 4. Bb2 e6 5. g3 Be7 6. Bg2 d5 7. O-O O-O 8. e3 b6 9. Nc3 Ba6 10. Qe2 Rc8 11. Rfd1 d4 12. exd4 cxd4 13. Nb5 d3 14. Qe3 Bc5 15. Qf4 Bxb5 16. cxb5 Nb4 17. Ne5 Nbd5 18. Qf3 Nb4 19. Nc6 Nxc6 20. bxc6 Bd4 21. Bxd4 Qxd4 22. Rac1 Rc7 23. Rc4 Qd6 24. b4 e5 25. b5 e4 26. Qe3 Re8 27. Qd4 Qe5 28. a4 Kf8 29. Qxe5 Rxe5 30. f3 exf3 31. Bxf3 Ne8 32. Rd4 a6 33. Rb1 axb5 34. axb5 Ra7 35. Rxd3 Ra5 36. Rd8 Ke7 37. Rd7+ Ke6 38. d4 Rexb5 39. d5+ Kf6 40. Rxb5 Rxb5 41. c7 Rc5 42. d6 Ke6 43. Re7+ Kxd6 44. Rxe8 Rxc7 45. Re2 g6 46. Kf2 h5 47. Rb2 Rc3 48. Rxb6+ Ke5 49. Rb2 Kf6 50. Re2 Kg5 51. h3 f5 52. Kg2 h4 53. Rd2 hxg3 54. Kxg3 f4+ 55. Kg2 Ra3 56. Re2 Rb3 57. Re8 Rb2+ 58. Be2 Kh4 59. Rh8+ Kg5 60. Kf3 Rb3+ 61. Kf2 Rb2 62. h4+ Kf5 63. Rf8+ Ke4 64. Rf6 Rb5 65. Rxg6 Kf5 66. Rg5+ Kf6 67. Rxb5 1-0


[Site "https://www.chess.com"]

[Event "Titled Tuesday Blitz August 22 Early 2023"]
[White "Clawitter, Craig"]
[Black "Harriott, Tyrell"]
[WhiteFideId "2023105"]
[BlackFideId "2086484"]
[WhiteElo "2224"]
[BlackElo "2418"]
[Result "0-1"]
[Round "9"]
[TimeControl "180+1"]
[Date "2023.08.22"]
[WhiteClock "0:00:06"]
[BlackClock "0:01:31"]
[Board "157"]

1. e4 d5 2. exd5 Nf6 3. d4 Qxd5 4. Nc3 Qd6 5. Nf3 a6 6. g3 Bg4 7. Bg2 Nc6 8. O-O Bxf3 9. Qxf3 Qxd4 10. Rd1 Qg4 11. Qxc6+ bxc6 12. Bxc6+ Nd7 13. Bxa8 Qc4 14. Be3 a5 15. Rd4 Qa6 16. Bf3 e5 17. Rd2 Bd6 18. Ne4 O-O 19. Rad1 Nf6 20. Nxd6 cxd6 21. Rxd6 Qb5 22. Rd8 e4 23. Rxf8+ Kxf8 24. Be2 Qxe2 25. Bc5+ Ke8 0-1


[Site "https://www.chess.com"]

[Event "Titled Tuesday Blitz August 22 Early 2023"]
[White "Melikhov, Evgeny V."]
[Black "parintele_chess"]
[WhiteFideId "4122046"]
[WhiteElo "2394"]
[BlackElo "2225"]
[Result "1-0"]
[Round "9"]
[TimeControl "180+1"]
[Date "2023.08.22"]
[WhiteClock "0:00:55"]
[BlackClock "0:00:00"]
[Board "158"]

1. d4 Nf6 2. c4 g6 3. Nc3 Bg7 4. e4 d6 5. f3 O-O 6. Be3 Nc6 7. Nge2 e5 8. d5 Ne7 9. g4 c6 10. Qd2 cxd5 11. cxd5 b5 12. Nxb5 Ba6 13. Nec3 Rb8 14. Nxa7 Bxf1 15. Kxf1 Qa5 16. Kg2 Qb4 17. Rhb1 Nd7 18. Nc6 Nxc6 19. dxc6 Nc5 20. Nd5 Qa4 21. Bxc5 dxc5 22. c7 Rbe8 23. b3 Qc6 24. Rc1 f5 25. Rc4 fxe4 26. Rxe4 Rf7 27. Rd1 Ref8 28. h3 Rxf3 29. Ne7+ Kh8 30. Nxc6 1-0


[Site "https://www.chess.com"]

[Event "Titled Tuesday Blitz August 22 Early 2023"]
[White "Tharushi, T H D Niklesha"]
[Black "Fernandez Garcia, Gumersindo"]
[WhiteFideId "9918264"]
[BlackFideId "24516740"]
[WhiteElo "2190"]
[BlackElo "2390"]
[Result "0-1"]
[Round "9"]
[TimeControl "180+1"]
[Date "2023.08.22"]
[WhiteClock "0:00:46"]
[BlackClock "0:00:30"]
[Board "159"]

1. e4 Nf6 2. e5 Nd5 3. c4 Nb6 4. d4 d6 5. exd6 cxd6 6. Nf3 g6 7. Nc3 Bg7 8. Be3 O-O 9. Bd3 Nc6 10. d5 Ne5 11. Nxe5 Bxe5 12. O-O Bd7 13. f4 Bg7 14. Qe2 Rc8 15. Rac1 Bf5 16. Bxf5 gxf5 17. Nb5 a6 18. Nd4 Qd7 19. Qh5 Nxc4 20. Rxc4 Rxc4 21. Nxf5 Bf6 22. Rf3 Qc7 23. Rg3+ Kh8 24. Rh3 Rc1+ 25. Kf2 Qc2+ 26. Kg3 Rg8+ 27. Kf3 Rf1+ 28. Bf2 Qxf2+ 29. Ke4 Qxg2+ 30. Kd3 Qxd5+ 31. Kc2 Rf2+ 32. Kc1 Rg1+ 33. Qd1 Qxd1# 0-1


[Site "https://www.chess.com"]

[Event "Titled Tuesday Blitz August 22 Early 2023"]
[White "KorolDimitriy75"]
[Black "Kula, Robert"]
[BlackFideId "1101218"]
[WhiteElo "2375"]
[BlackElo "2137"]
[Result "0-1"]
[Round "9"]
[TimeControl "180+1"]
[Date "2023.08.22"]
[WhiteClock "0:00:00"]
[BlackClock "0:00:06"]
[Board "160"]

1. d4 d5 2. c4 c6 3. Nc3 Nf6 4. e3 g6 5. Nf3 Bg7 6. h3 O-O 7. Bd3 Bf5 8. Ne5 Bxd3 9. Qxd3 Nbd7 10. f4 dxc4 11. Qxc4 Nb6 12. Qb3 a5 13. a4 Nfd5 14. O-O e6 15. e4 Nb4 16. Be3 Nd7 17. Rad1 Nxe5 18. fxe5 Qe7 19. Rf3 Rad8 20. Rdf1 h6 21. Na2 Nxa2 22. Qxa2 Qb4 23. b3 c5 24. dxc5 Qxe4 25. Bf4 Rd5 26. Qf2 Qd4 27. Be3 Qxe5 28. Rxf7 Rxf7 29. Qxf7+ Kh7 30. Bf4 Qd4+ 31. Kh1 Qxc5 32. Bg3 Rf5 33. Rxf5 exf5 34. Qxb7 Qc1+ 35. Kh2 f4 36. Bf2 Qd2 37. Bc5 Kg8 38. Qc8+ Kh7 39. Qc7 Qc3 40. Qb6 Qf6 0-1


[Site "https://www.chess.com"]

[Event "Titled Tuesday Blitz August 22 Early 2023"]
[White "Semenova, Alina"]
[Black "Sovetbekova, Nurai"]
[WhiteFideId "24113875"]
[BlackFideId "13801910"]
[WhiteElo "2077"]
[BlackElo "2307"]
[Result "1-0"]
[Round "9"]
[TimeControl "180+1"]
[Date "2023.08.22"]
[WhiteClock "0:01:18"]
[BlackClock "0:01:38"]
[Board "161"]

1. e4 c5 2. Nf3 Nc6 3. d4 cxd4 4. Nxd4 Nf6 5. Nc3 e5 6. Ndb5 d6 7. Bg5 a6 8. Na3 b5 9. Nd5 Be7 10. Bxf6 Bxf6 11. c3 Rb8 12. Nc2 Bg5 13. Be2 O-O 14. O-O Be6 15. b3 Ne7 16. c4 Nxd5 17. cxd5 Bd7 18. Nb4 Qb6 19. Qd3 f5 20. exf5 Bxf5 21. Qg3 Bf4 22. Qh4 Rbc8 23. Nc6 Kh8 24. Ne7 Rce8 25. Nxf5 Rxf5 26. Bd3 Rf6 27. Qxh7# 1-0


[Site "https://www.chess.com"]

[Event "Titled Tuesday Blitz August 22 Early 2023"]
[White "Skiadopoulos, Nikolaos"]
[Black "GAO"]
[WhiteFideId "4200772"]
[WhiteElo "1834"]
[BlackElo "2288"]
[Result "1-0"]
[Round "9"]
[TimeControl "180+1"]
[Date "2023.08.22"]
[WhiteClock "0:00:05"]
[BlackClock "0:00:00"]
[Board "162"]

1. e4 c6 2. d4 d5 3. e5 Bf5 4. Ne2 e6 5. Nf4 h6 6. g4 Bh7 7. h4 c5 8. Bb5+ Nc6 9. Bxc6+ bxc6 10. c3 Rb8 11. Nd2 Ne7 12. h5 Nc8 13. Qa4 Qd7 14. dxc5 Bxc5 15. b4 Nb6 16. Qb3 Be7 17. a4 O-O 18. a5 Nc8 19. Nf3 Be4 20. Rh3 c5 21. Nd2 cxb4 22. c4 dxc4 23. Qxc4 Bd5 24. Nxd5 Qxd5 25. Qxd5 exd5 26. Nb3 Re8 27. Bb2 Bf6 28. Re3 Bg5 29. Rd3 Nd6 30. Rxd5 Nc4 31. Bd4 Bf4 32. Kf1 Nxe5 33. Bxa7 Ra8 34. Bb6 Nxg4 35. Rd4 Nh2+ 36. Kg2 Be5 37. Rh4 Bxa1 38. Nxa1 Re1 39. Nc2 Nf1 40. Nxe1 Nd2 41. Rxb4 Kf8 42. f4 Ke7 43. Kf2 Kd6 44. Ke2 Kd5 45. Kxd2 Kc6 46. Nd3 Re8 47. Ne5+ Kb7 48. Rc4 Ka6 49. Rc7 f6 50. Nd7 Rd8 51. Kc3 Kb5 52. Rc5+ Ka4 53. Rd5 Rc8+ 54. Nc5+ Kb5 55. Rf5 Re8 56. Kd4 Re1 57. Ne4+ Ka6 58. Nc5+ Kb5 59. Nd7+ Ka6 60. Nxf6 gxf6 61. Rxf6 Rd1+ 62. Ke4 Re1+ 63. Kf5 1-0


[Site "https://www.chess.com"]

[Event "Titled Tuesday Blitz August 22 Early 2023"]
[White "Martins, Bruno Andre Leite"]
[Black "abelmat"]
[WhiteFideId "1942255"]
[WhiteElo "2521"]
[BlackElo "1932"]
[Result "1-0"]
[Round "9"]
[TimeControl "180+1"]
[Date "2023.08.22"]
[WhiteClock "0:00:25"]
[BlackClock "0:00:00"]
[Board "163"]

1. e4 e6 2. d4 d5 3. Nc3 dxe4 4. Nxe4 Nd7 5. Nf3 Ngf6 6. Bg5 Be7 7. Bxf6 Nxf6 8. Bd3 O-O 9. O-O b6 10. Qe2 Bb7 11. c3 Qd5 12. Nxf6+ Bxf6 13. Rfe1 Qh5 14. Be4 Bxe4 15. Qxe4 Rad8 16. a4 a5 17. Rad1 Qd5 18. Qc2 h5 19. Ne5 h4 20. Re3 c5 21. Re4 cxd4 22. cxd4 Rc8 23. Qe2 Bxe5 24. Rxe5 Qa2 25. Re4 Qxa4 26. Rxh4 g6 27. Re1 Qc2 28. Qe5 f6 29. Qxe6+ Kg7 30. Qe7+ Rf7 31. Rh7+ Kxh7 32. Qxf7+ Kh6 33. Qxf6 Qxb2 34. Qh4+ Kg7 35. Re7+ 1-0


[Site "https://www.chess.com"]

[Event "Titled Tuesday Blitz August 22 Early 2023"]
[White "Baghdasaryan, Vahe"]
[Black "Andrade Truyol, Geiner Jose"]
[WhiteFideId "13303139"]
[BlackFideId "4431987"]
[WhiteElo "2392"]
[BlackElo "2218"]
[Result "0-1"]
[Round "9"]
[TimeControl "180+1"]
[Date "2023.08.22"]
[WhiteClock "0:00:17"]
[BlackClock "0:00:53"]
[Board "165"]

1. e4 e5 2. Nf3 Nc6 3. Nc3 Be7 4. d4 exd4 5. Nxd4 d6 6. Nxc6 bxc6 7. Bc4 Nf6 8. O-O O-O 9. Bd3 Nd7 10. a3 Bf6 11. Re1 Rb8 12. Rb1 Bxc3 13. Re3 Bf6 14. f4 g6 15. Rf3 Bg7 16. b4 d5 17. e5 Nb6 18. Be3 Bg4 19. Bc5 Bxf3 20. Qxf3 Re8 21. f5 Bxe5 22. Rf1 Qd7 23. h4 Nc4 24. Qh3 f6 25. fxg6 Qxh3 26. gxh7+ Kg7 27. gxh3 Nxa3 28. Kh1 Nc4 29. Rg1+ Kh8 30. h5 Nd6 31. h6 Ne4 32. Bxe4 dxe4 33. Rg7 Bd6 34. Bd4 Re6 35. c3 a5 36. Rf7 axb4 37. cxb4 Rxb4 38. Bxf6+ Rxf6 39. Rxf6 Kxh7 40. Re6 Rd4 41. Kg2 c5 42. Kf2 c4 43. Ke3 Rd3+ 44. Kxe4 Rxh3 45. Kd5 Rxh6 46. Rxh6+ Kxh6 47. Kxc4 Kg6 48. Kd5 Kf5 49. Kc6 Ke6 50. Kb5 Kd5 51. Ka4 c5 52. Kb3 Kd4 53. Kc2 c4 54. Kc1 Kd3 55. Kd1 c3 56. Kc1 Ba3+ 57. Kd1 c2+ 58. Ke1 c1=Q+ 59. Kf2 Qg5 60. Kf3 Qf5+ 61. Kg2 Bd6 62. Kh1 Qh3+ 63. Kg1 Qh2+ 64. Kf1 Ke3 65. Ke1 Qe2# 0-1


[Site "https://www.chess.com"]

[Event "Titled Tuesday Blitz August 22 Early 2023"]
[White "rikchessmx"]
[Black "Kuchava, Ana"]
[BlackFideId "13605348"]
[WhiteElo "2384"]
[BlackElo "2176"]
[Result "1/2-1/2"]
[Round "9"]
[TimeControl "180+1"]
[Date "2023.08.22"]
[WhiteClock "0:01:22"]
[BlackClock "0:00:15"]
[Board "166"]

1. e4 c5 2. Nf3 d6 3. d4 cxd4 4. Nxd4 Nf6 5. Nc3 Nc6 6. Bc4 e6 7. f3 a6 8. Be3 Qc7 9. Qe2 Na5 10. Bd3 b5 11. a3 Be7 12. O-O O-O 13. Qf2 Nc4 14. Bc1 Bb7 15. Nde2 d5 16. exd5 Bc5 17. Nd4 e5 18. Bxc4 Bxd4 19. Be3 Qxc4 20. Rae1 Nxd5 21. Nxd5 Bxd5 22. c3 Bxe3 23. Rxe3 f6 24. Rfe1 a5 25. Rd1 Rfd8 26. Red3 Rd7 27. b3 Qxb3 28. Qc5 Rad8 29. c4 Qxc4 30. Qb6 a4 31. h4 Be6 32. Rxd7 Rxd7 33. Rxd7 Bxd7 34. Qd8+ Kf7 35. Qxd7+ Kg6 36. h5+ Kxh5 37. Qxg7 Qc1+ 38. Kh2 Qf4+ 39. Kg1 Qc1+ 40. Kh2 Qf4+ 41. Kg1 Qc1+ 1/2-1/2


[Site "https://www.chess.com"]

[Event "Titled Tuesday Blitz August 22 Early 2023"]
[White "Seifert, Henryk"]
[Black "Buscar, Michael"]
[WhiteFideId "1100963"]
[BlackFideId "2603616"]
[WhiteElo "2128"]
[BlackElo "2343"]
[Result "1/2-1/2"]
[Round "9"]
[TimeControl "180+1"]
[Date "2023.08.22"]
[WhiteClock "0:00:25"]
[BlackClock "0:00:06"]
[Board "167"]

1. e4 c5 2. Nf3 Nc6 3. Bb5 Nf6 4. e5 Nd5 5. O-O g6 6. Re1 Bg7 7. Nc3 Nc7 8. Bxc6 dxc6 9. d3 O-O 10. h3 Ne6 11. Qe2 Nd4 12. Nxd4 cxd4 13. Nb1 c5 14. Nd2 b6 15. Nf3 Qd5 16. Bg5 f6 17. exf6 exf6 18. Bf4 Bb7 19. Qe6+ Qxe6 20. Rxe6 Rae8 21. Rae1 Rxe6 22. Rxe6 Kf7 23. Re1 Bxf3 24. gxf3 Rd8 25. a4 Bf8 26. b3 Bd6 27. Bg3 f5 28. Bxd6 Rxd6 29. f4 Re6 30. Rxe6 Kxe6 31. Kg2 Kd5 32. Kg3 a6 33. h4 h5 34. Kf3 b5 35. axb5 axb5 36. Ke2 c4 37. Kd2 Kc5 38. Kc1 Kb4 39. Kb2 c3+ 40. Ka2 Ka5 41. Ka3 b4+ 42. Ka2 Kb5 43. Kb1 Ka5 44. Ka1 Kb5 45. Kb1 Ka5 46. Ka1 Kb5 47. Kb1 1/2-1/2


[Site "https://www.chess.com"]

[Event "Titled Tuesday Blitz August 22 Early 2023"]
[White "Blokhin, Sofia"]
[Black "Johnson, Ben"]
[WhiteFideId "4508190"]
[BlackFideId "2010917"]
[WhiteElo "2291"]
[BlackElo "2126"]
[Result "0-1"]
[Round "9"]
[TimeControl "180+1"]
[Date "2023.08.22"]
[WhiteClock "0:00:02"]
[BlackClock "0:00:14"]
[Board "168"]

1. d4 Nf6 2. c4 e6 3. Nc3 Bb4 4. f3 d5 5. a3 Bxc3+ 6. bxc3 O-O 7. e3 c5 8. cxd5 exd5 9. Bd3 Nc6 10. Nh3 Bxh3 11. gxh3 Re8 12. O-O c4 13. Bc2 Qd6 14. Qe1 Ne7 15. e4 dxe4 16. fxe4 Ng6 17. e5 Qc6 18. Qg3 Ne4 19. Qf3 f5 20. Qxf5 Nxc3 21. Qf7+ Kh8 22. Bxg6 Qxg6+ 23. Qxg6 hxg6 24. Bb2 Nd5 25. Rac1 b5 26. Rf7 a5 27. Rd7 Nf4 28. Rf1 Nd3 29. Ba1 Rad8 30. Rb7 b4 31. axb4 axb4 32. Rff7 Rg8 33. e6 c3 34. e7 Rde8 35. Rc7 Kh7 36. Bxc3 bxc3 37. Rxc3 Nb4 38. Rc7 Nd5 39. Rd7 Nf6 40. Rb7 Kh6 41. Rb5 Rb8 42. Rxb8 Rxb8 43. Rf8 Re8 44. Rxe8 Nxe8 45. d5 Kg5 46. Kf2 Kf6 47. Ke3 Kxe7 48. Ke4 Nd6+ 49. Ke5 Nf7+ 50. Kf4 Kf6 51. h4 Nd6 52. h3 Nf5 53. Kg4 Ne3+ 54. Kf4 Nxd5+ 55. Ke4 Ne7 56. Kf4 Nf5 57. Kg4 Nh6+ 58. Kf4 Nf7 59. Kg4 Ke6 60. Kf4 Kf6 61. Kg4 Ke5 62. h5 g5 63. h4 gxh4 64. Kxh4 Kf6 65. Kg4 Nh6+ 66. Kf4 Kf7 67. Kg5 Kg8 68. Kg6 Nf7 69. Kf5 Kh7 70. Ke6 Ng5+ 71. Kf5 Kh6 72. Kg4 Nf7 73. Kh4 Nd8 74. Kg4 Ne6 75. Kh4 Nf8 76. Kg4 Nh7 77. Kh4 Nf6 78. Kh3 Nxh5 79. Kg4 Kg6 80. Kh4 Nf6 81. Kg3 Kg5 82. Kh3 Kf4 83. Kg2 g5 84. Kg1 g4 85. Kg2 g3 86. Kg1 Kf3 87. Kh1 Nh5 88. Kg1 g2 89. Kh2 Kf2 90. Kh3 g1=Q 0-1


[Site "https://www.chess.com"]

[Event "Titled Tuesday Blitz August 22 Early 2023"]
[White "Flis, Pawel"]
[Black "Wang, Alexander J"]
[WhiteFideId "1112864"]
[BlackFideId "30955270"]
[WhiteElo "2137"]
[BlackElo "2283"]
[Result "1-0"]
[Round "9"]
[TimeControl "180+1"]
[Date "2023.08.22"]
[WhiteClock "0:01:50"]
[BlackClock "0:00:14"]
[Board "169"]

1. e4 c5 2. Nf3 d6 3. d4 cxd4 4. Nxd4 Nf6 5. Nc3 g6 6. Be3 Bg7 7. f3 O-O 8. Qd2 Nc6 9. Bc4 Bd7 10. O-O-O Ne5 11. Bb3 Rc8 12. Kb1 Nc4 13. Bxc4 Rxc4 14. Nde2 b5 15. Bh6 a5 16. Bxg7 Kxg7 17. h4 h5 18. g3 b4 19. Nd5 Nxd5 20. exd5 Qc7 21. Nd4 Rc8 22. Rh2 a4 23. g4 hxg4 24. h5 Rh8 25. hxg6 Rxh2 26. Qxh2 fxg6 27. Qd2 b3 28. axb3 axb3 29. cxb3 Rc5 30. Rh1 Rxd5 31. Qh6+ Kf6 32. Qh8+ Kg5 33. f4+ Kxf4 34. Rf1+ Kg3 35. Ne2+ Kg2 36. Qh1# 1-0


[Site "https://www.chess.com"]

[Event "Titled Tuesday Blitz August 22 Early 2023"]
[White "EvgenyBurmakin"]
[Black "Buraczewski, Rafal"]
[BlackFideId "1155245"]
[WhiteElo "2266"]
[BlackElo "2120"]
[Result "1-0"]
[Round "9"]
[TimeControl "180+1"]
[Date "2023.08.22"]
[WhiteClock "0:00:21"]
[BlackClock "0:00:51"]
[Board "170"]

1. e4 e6 2. d4 d5 3. Nd2 dxe4 4. Nxe4 Bd7 5. Nf3 Bc6 6. Bd3 Nd7 7. Qe2 Bxe4 8. Bxe4 c6 9. Bd2 Ngf6 10. Bd3 Bd6 11. O-O-O Qc7 12. Kb1 b5 13. Rhe1 O-O 14. Ne5 Bxe5 15. dxe5 Nd5 16. Qe4 g6 17. h4 Nc5 18. Qf3 Nxd3 19. Qxd3 c5 20. h5 c4 21. Qh3 c3 22. bxc3 Rac8 23. hxg6 fxg6 24. Qxe6+ Qf7 25. Qxf7+ Rxf7 26. f3 Rfc7 27. e6 Rxc3 28. Bxc3 Nxc3+ 29. Kb2 Nxd1+ 30. Rxd1 Re8 31. Re1 Kg7 32. Kb3 Kf6 33. Kb4 a6 34. e7 h5 35. Ka5 Rxe7 36. Rxe7 Kxe7 37. Kxa6 Kf6 38. Kxb5 Kf5 39. a4 Kf4 40. a5 Kg3 41. a6 Kxg2 42. a7 h4 43. a8=Q h3 44. f4+ Kg1 1-0


[Site "https://www.chess.com"]

[Event "Titled Tuesday Blitz August 22 Early 2023"]
[White "Hartikainen, Jarmo"]
[Black "Rodriguez Santiago, Jaime"]
[WhiteFideId "503134"]
[BlackFideId "3100898"]
[WhiteElo "2108"]
[BlackElo "2247"]
[Result "0-1"]
[Round "9"]
[TimeControl "180+1"]
[Date "2023.08.22"]
[WhiteClock "0:00:08"]
[BlackClock "0:00:49"]
[Board "171"]

1. e4 c6 2. d4 d5 3. Nc3 dxe4 4. Nxe4 Nf6 5. Nxf6+ exf6 6. Bf4 Be7 7. c3 O-O 8. Bd3 Re8 9. Ne2 Nd7 10. h4 Nb6 11. Qc2 h6 12. O-O-O Nd5 13. Bd2 b5 14. Nf4 Nxf4 15. Bxf4 Be6 16. g4 Qd5 17. g5 fxg5 18. hxg5 Bxg5 19. Bxg5 Qxg5+ 20. Kb1 Qd5 21. b3 a5 22. Rdg1 Kf8 23. Rh4 a4 24. c4 axb3 25. axb3 bxc4 26. Bxc4 Qa5 27. Kc1 Bf5 28. Bd3 Bxd3 29. Qxd3 Qa1+ 30. Qb1 Qc3+ 31. Qc2 Ra1# 0-1


[Site "https://www.chess.com"]

[Event "Titled Tuesday Blitz August 22 Early 2023"]
[White "KSho99"]
[Black "Sericano, Claudio"]
[BlackFideId "800473"]
[WhiteElo "2231"]
[BlackElo "2065"]
[Result "0-1"]
[Round "9"]
[TimeControl "180+1"]
[Date "2023.08.22"]
[WhiteClock "0:00:00"]
[BlackClock "0:00:36"]
[Board "172"]

1. Nf3 d5 2. g3 Nf6 3. Bg2 g6 4. O-O Bg7 5. d3 O-O 6. Nc3 Nbd7 7. e4 dxe4 8. dxe4 e5 9. Qe2 c6 10. a4 Qc7 11. a5 Re8 12. Rd1 Nf8 13. h3 Ne6 14. b3 Nd7 15. Qe1 Nd4 16. Nxd4 exd4 17. Bf4 Be5 18. Ne2 c5 19. Bxe5 Nxe5 20. f4 Nc6 21. a6 bxa6 22. e5 Bb7 23. c3 Rad8 24. cxd4 Nxd4 25. Nxd4 cxd4 26. Rac1 Qb6 27. Rd3 Bxg2 28. Kxg2 Rc8 29. Rxc8 Rxc8 30. Qe4 Rc2+ 31. Kf3 Qc6 32. Qxc6 Rxc6 33. Ke4 Kf8 34. Kxd4 Ke7 35. Ke4 Rb6 36. Rc3 a5 37. Kd3 a6 38. Kc2 Ke6 39. Rc5 Rb5 40. Rc6+ Kd5 41. Rxa6 Ke4 42. Ra7 Kf3 43. Rxf7 Kxg3 44. e6 Rb4 45. e7 Re4 46. Rxh7 Re6 47. f5 gxf5 48. h4 f4 49. h5 f3 50. h6 f2 51. Rf7 Rxe7 52. Rxf2 Kxf2 0-1


[Site "https://www.chess.com"]

[Event "Titled Tuesday Blitz August 22 Early 2023"]
[White "Thiel, Thomas"]
[Black "Gyulamiryan-koryun"]
[WhiteFideId "4615964"]
[WhiteElo "2229"]
[BlackElo "2043"]
[Result "1-0"]
[Round "9"]
[TimeControl "180+1"]
[Date "2023.08.22"]
[WhiteClock "0:02:15"]
[BlackClock "0:01:52"]
[Board "173"]

1. e4 c5 2. Nc3 Nc6 3. Bb5 Nd4 4. Bc4 g6 5. Nf3 Bg7 6. Nxd4 Bxd4 7. Qf3 e6 8. Nb5 Bg7 9. Qg3 e5 10. Nd6+ Ke7 11. Nxf7 Qc7 12. Nxh8 Nh6 13. Qh4+ Ke8 14. d3 d5 15. Bxd5 1-0


[Site "https://www.chess.com"]

[Event "Titled Tuesday Blitz August 22 Early 2023"]
[White "Zepeda Berlanga, Jan Enrique"]
[Black "Legenia, Artem"]
[WhiteFideId "5132355"]
[BlackFideId "14136945"]
[WhiteElo "2005"]
[BlackElo "2351"]
[Result "0-1"]
[Round "9"]
[TimeControl "180+1"]
[Date "2023.08.22"]
[WhiteClock "0:00:10"]
[BlackClock "0:02:03"]
[Board "174"]

1. c4 Nf6 2. Nf3 e6 3. Nc3 d5 4. d4 c6 5. Bg5 Nbd7 6. a3 dxc4 7. e4 b5 8. e5 h6 9. Bh4 g5 10. Bxg5 hxg5 11. exf6 Qxf6 12. Ne4 Qe7 13. Nfxg5 Bb7 14. Be2 O-O-O 15. Nxf7 Qxf7 16. Bg4 Kb8 17. b3 c5 18. bxc4 Bxe4 19. cxb5 Qf4 20. f3 Bb7 21. Bxe6 cxd4 22. Qd3 Re8 23. Qb3 Qe5+ 24. Kf2 Qxe6 25. Qc2 Bc5 26. Qd3 Ne5 27. Qd2 d3+ 28. Kf1 Nc4 29. Qf4+ Ka8 30. h4 Qe2# 0-1


[Site "https://www.chess.com"]

[Event "Titled Tuesday Blitz August 22 Early 2023"]
[White "Mikhaylova, Irina"]
[Black "Shapiro, Daniel"]
[WhiteFideId "4109040"]
[BlackFideId "2001780"]
[WhiteElo "2307"]
[BlackElo "2285"]
[Result "1-0"]
[Round "9"]
[TimeControl "180+1"]
[Date "2023.08.22"]
[WhiteClock "0:00:18"]
[BlackClock "0:00:00"]
[Board "175"]

1. d4 Nf6 2. Nf3 b6 3. c4 e6 4. a3 Bb7 5. Nc3 d5 6. cxd5 exd5 7. Bg5 Be7 8. e3 Nbd7 9. Bd3 O-O 10. O-O h6 11. Bh4 Re8 12. Rc1 a6 13. Qc2 Bd6 14. Rfd1 Qe7 15. Bh7+ Kh8 16. Bf5 Rad8 17. b4 Nf8 18. Ne2 g6 19. Bd3 Ra8 20. Qb3 a5 21. Rb1 axb4 22. axb4 Ra7 23. Ra1 Rea8 24. Rxa7 Rxa7 25. b5 Kg7 26. Qc2 Ra3 27. Bg3 Bxg3 28. hxg3 Ne8 29. Nf4 Qd6 30. Ne5 Ne6 31. Nfxg6 fxg6 32. Bxg6 Nf6 33. Bf7 Nf8 34. Rc1 N6d7 35. Nxd7 Kxf7 36. Nxf8 Kxf8 37. Qxc7 Qxc7 38. Rxc7 Ba8 39. g4 Rb3 40. Rc8+ Ke7 41. Rxa8 Rxb5 42. Kh2 Rb2 43. Kg3 b5 44. Ra6 b4 45. Rxh6 Kd7 46. Rb6 Kc7 47. Rb5 Kc6 48. Rc5+ Kb6 49. Rc8 b3 50. Rb8+ Ka5 51. g5 Ka4 52. g6 1-0


[Site "https://www.chess.com"]

[Event "Titled Tuesday Blitz August 22 Early 2023"]
[White "Kiseleva, Arina"]
[Black "Todev, Simeon"]
[WhiteFideId "4164989"]
[BlackFideId "2925133"]
[WhiteElo "2220"]
[BlackElo "2405"]
[Result "1/2-1/2"]
[Round "9"]
[TimeControl "180+1"]
[Date "2023.08.22"]
[WhiteClock "0:00:06"]
[BlackClock "0:00:04"]
[Board "177"]

1. d4 g6 2. c4 Bg7 3. Nc3 d6 4. e4 e5 5. Be3 exd4 6. Bxd4 Nf6 7. Qd2 O-O 8. f3 Nc6 9. Be3 Ne5 10. O-O-O Be6 11. Nd5 c6 12. Nxf6+ Qxf6 13. Bg5 Nxc4 14. Bxc4 Qxb2+ 15. Qxb2 Bxb2+ 16. Kxb2 Bxc4 17. Rxd6 Kg7 18. e5 Rfe8 19. Bf6+ Kg8 20. f4 Bd5 21. Nf3 Rac8 22. Rd7 Rb8 23. h4 h5 24. Rg1 Be6 25. Rc7 Rec8 26. Rxc8+ Rxc8 27. Ng5 Bd5 28. g4 hxg4 29. Rxg4 c5 30. h5 gxh5 31. Rh4 Kf8 32. Rxh5 Ke8 33. Rh8+ Kd7 34. Rxc8 Kxc8 35. a3 Kd7 36. Kc3 b5 37. Nh3 a5 38. Ng5 b4+ 39. Kb2 a4 40. Bg7 Kc6 41. Bf8 Kb5 42. f5 Kc4 43. e6 fxe6 44. fxe6 Bc6 45. e7 Kd3 46. Ne6 c4 47. Nc5+ Kd2 48. Nxa4 Bxa4 49. axb4 c3+ 50. Ka3 Be8 51. Bg7 c2 52. Bb2 Kd3 53. Kb3 Bd7 54. Bc1 Be8 55. Bb2 Kd2 56. Ba3 Kd3 57. Bb2 1/2-1/2


[Site "https://www.chess.com"]

[Event "Titled Tuesday Blitz August 22 Early 2023"]
[White "elcala"]
[Black "Vaglio Munoz, Jaime"]
[BlackFideId "6500145"]
[WhiteElo "1697"]
[BlackElo "2302"]
[Result "0-1"]
[Round "9"]
[TimeControl "180+1"]
[Date "2023.08.22"]
[WhiteClock "0:00:17"]
[BlackClock "0:02:14"]
[Board "179"]

1. d4 c5 2. Nf3 cxd4 3. Nxd4 e5 4. Nb3 d5 5. e4 d4 6. c3 Nc6 7. cxd4 exd4 8. Bb5 Bb4+ 9. Bd2 Bxd2+ 10. Qxd2 Ne7 11. O-O O-O 12. Rd1 Bg4 13. f3 Be6 14. Nxd4 Qb6 15. Bxc6 Nxc6 16. Nc3 Rad8 17. Ne2 Bc4 18. Kf1 Nxd4 19. Re1 Nxe2 20. Qxd8 Qg1# 0-1


[Site "https://www.chess.com"]